Map: Vaani Research Station (Void)

Players

MarbleDonuts

  • Race: Zerg Zerg
  • League: Diamond
  • Spawn Location: 12:00

KobeBryant - Winner!

  • Race: Terran Terran
  • League: Diamond
  • Spawn Location: 6:00

VOD

Have the link to the VOD?

Description

Time

  • Played on: Jan. 9, 2017, 7:29 a.m.
  • Length: 24:27
Show
View Real Time Build Order
Export as new Build Order

MarbleDonuts Zerg 

Build Orders: Pool First 

Get SALT Encoding   

  12  0:01  Drone  
  13  0:09  Drone  
  14  0:14  Extractor  
  14  0:15  Drone  
  15  0:22  Overlord  
  15  0:40  Drone x2  
  17  0:45  Spawning Pool  
  17  0:48  Drone  
  17  0:52  Extractor  
  17  0:55  Drone  
  17  1:05  Drone  
  18  1:21  Hatchery  
  18  1:25  Drone  
  18  1:28  Drone  
  19  1:40  Queen  
  19  1:43  Zergling x2  
  22  1:56  Roach Warren  
  22  1:59  Drone  
  22  2:04  Overlord  
  22  2:22  Queen  
  24  2:37  Roach x4  
  32  2:50  Roach  
  34  2:53  Spore Crawler  
  34  3:07  Ravager x2  
  36  3:17  Overlord x2  
  36  3:35  Ravager  
  37  3:42  Drone  
  37  3:43  Drone x8  
  44  4:09  Drone x6  
  50  4:31  Overlord x4  
  50  4:40  Hatchery  
  49  4:55  Lair  
  49  4:59  Extractor  
  48  5:01  Roach x4  
  48  5:02  Drone x2, Roach  
  48  5:03  Drone  
  61  5:10  Overlord  
  61  5:19  Queen  
  63  5:23  Drone x3  
  63  5:24  Drone x3  
  63  5:27  Extractor  
  63  5:28  Extractor  
  67  5:36  Drone  
  67  5:37  Drone  
  67  5:41  Drone x6  
  75  5:53  Queen  
  77  6:01  Drone  
  77  6:02  Drone x4  
  82  6:05  Queen  
  84  6:17  Spine Crawler  
  83  6:19  Queen  
  83  6:23  Glial Reconstitution  
  85  6:36  Overlord  
  85  6:37  Overlord x5  
  85  6:38  Drone x3  
  88  6:40  Overlord x2  
  88  6:55  Overseer  
  88  7:10  Drone x13  
  88  7:14  Extractor  
  88  7:15  Extractor  
  99  7:20  Evolution Chamber  
  99  7:21  Evolution Chamber  
  97  7:24  Roach  
  97  7:25  Roach x5  
  109  7:41  Ravager x3  
  109  7:42  Ravager x3  
  115  7:55  Spine Crawler x2  
  115  7:56  Drone x2  
  115  7:57  Drone x6, Spore Crawler  
  115  7:58  Spore Crawler  
  119  7:59  Roach x6  
  131  8:15  Zerg Ground Armor Level 1, Zerg Missile Weapons Level 1  
  128  8:20  Overseer  
  128  8:26  Roach  
  136  8:27  Roach x8  
  146  8:38  Overlord x3  
  146  8:39  Overlord x2  
  146  8:54  Extractor  
  145  8:58  Extractor  
  144  9:09  Hatchery  
  145  9:10  Overlord, Roach  
  145  9:11  Overlord x2  
  145  9:13  Roach  
  149  9:17  Infestation Pit  
  149  9:21  Hatchery  
  149  9:22  Roach  
  149  9:23  Roach x8  
  165  9:36  Roach x4  
  165  9:37  Roach x6  
  185  9:56  Spine Crawler  
  185  9:57  Spore Crawler, Spine Crawler  
  185  9:58  Lair  
  182  10:00  Hive  
  182  10:07  Roach x2  
  182  10:08  Roach x5  
  182  10:11  Ravager x4  
  200  10:42  Zerg Ground Armor Level 2, Zerg Missile Weapons Level 2  
  159  11:14  Viper x5  
  159  11:18  Roach x9  
  192  11:27  Evolution Chamber  
  192  11:29  Evolution Chamber  
  192  11:30  Evolution Chamber  
  192  11:31  Evolution Chamber  
  188  11:34  Evolution Chamber  
  187  11:43  Queen  
  187  11:44  Queen  
  191  11:52  Queen  
  193  12:20  Ultralisk Cavern  
  193  12:21  Spire, Tunneling Claws  
  191  12:23  Burrow  
  191  12:34  Extractor x2  
  189  13:39  Chitinous Plating  
  189  14:34  Greater Spire  
  189  14:36  Corruptor x5  
  199  14:41  Spire  
  199  14:42  Spire  
  197  14:51  Extractor  
  196  14:55  Extractor  
  195  15:20  Zerg Ground Armor Level 3, Zerg Missile Weapons Level 3  
  195  15:24  Evolution Chamber  
  194  15:41  Hatchery  
  187  16:21  Corruptor x6  
  199  16:43  Zerg Flyer Weapons Level 1, Zerg Flyer Armor Level 1  
  197  17:42  Nydus Network  
  196  17:48  Nydus Network  
  195  18:13  Overseer x2  
  195  18:19  Queen  
  197  19:09  Extractor  
  196  19:10  Extractor  
  195  19:34  Nydus Canal  
  195  19:48  Nydus Canal  
  193  19:54  Zerg Flyer Weapons Level 2, Zerg Flyer Armor Level 2  
  172  20:24  Corruptor  
  172  20:25  Corruptor x12  
  172  20:26  Corruptor x2  
  172  20:27  Corruptor  
  192  20:51  Brood Lord x3  
  192  20:52  Brood Lord  
  200  21:14  Zerg Melee Weapons Level 1  
  200  21:37  Spore Crawler x3  
  200  21:38  Spore Crawler x3  
  200  21:39  Spore Crawler  
  193  21:40  Spore Crawler  
  188  22:15  Spore Crawler  
  188  22:16  Spore Crawler  
  188  22:17  Spore Crawler  
  188  22:18  Spore Crawler  
  188  22:19  Spore Crawler  
  188  22:20  Spore Crawler  
  170  22:46  Corruptor  
  170  22:47  Corruptor x14  
  192  23:05  Spore Crawler  
  191  23:06  Spore Crawler  
  191  23:07  Spore Crawler x2  
  191  23:08  Spore Crawler x2  
  191  23:09  Spore Crawler x2  
  106  23:43  Corruptor x17  
  106  23:44  Corruptor x13  
Show
View Real Time Build Order
Export as new Build Order

KobeBryant Terran - Winner!

Build Orders: Reaper Expand, Mech 

Get SALT Encoding   

  12  0:01  SCV  
  13  0:13  SCV  
  14  0:18  Supply Depot  
  14  0:25  SCV  
  15  0:34  Refinery  
  15  0:40  SCV  
  16  0:46  Barracks  
  16  0:52  SCV  
  17  1:04  SCV  
  18  1:16  SCV  
  19  1:32  Orbital Command  
  19  1:33  Reaper  
  20  1:48  Command Center  
  20  1:58  Factory  
  20  2:00  SCV  
  21  2:08  Refinery  
  21  2:12  SCV  
  21  2:13  Barracks Reactor  
  22  2:15  Supply Depot  
  22  2:24  SCV  
  23  2:37  SCV  
  24  2:49  SCV  
  25  2:56  Factory  
  25  3:01  Cyclone, SCV  
  25  3:04  Widow Mine  
  31  3:11  Orbital Command  
  30  3:13  Refinery  
  30  3:16  SCV  
  31  3:20  Marine  
  32  3:30  SCV  
  32  3:33  Cyclone  
  36  3:40  Cyclone  
  39  3:43  SCV  
  40  4:08  Supply Depot  
  40  4:09  Supply Depot  
  40  4:29  Command Center, SCV x2  
  40  4:30  Cyclone  
  45  4:42  SCV  
  45  4:43  Factory Reactor  
  45  4:44  SCV  
  47  4:54  SCV  
  47  4:56  SCV  
  49  5:05  Cyclone  
  49  5:06  SCV  
  53  5:07  Command Center  
  53  5:12  Supply Depot  
  53  5:16  Supply Depot, SCV  
  54  5:34  Cyclone, Hellion x2, SCV  
  62  5:38  Hellion  
  62  5:40  Armory  
  62  5:41  Armory  
  64  5:43  Orbital Command  
  64  5:48  SCV x2  
  66  5:54  Widow Mine x2  
  66  5:56  Refinery  
  70  6:00  SCV x2  
  72  6:12  SCV  
  72  6:13  Factory  
  72  6:15  Factory  
  72  6:17  Widow Mine x2  
  77  6:18  Orbital Command  
  77  6:35  SCV  
  77  6:36  Terran Vehicle And Ship Armor Level 1, Terran Vehicle Weapons Level 1  
  77  6:39  Orbital Command  
  78  6:41  SCV  
  78  6:45  Engineering Bay  
  78  6:47  SCV x2  
  81  6:53  SCV  
  82  6:59  SCV  
  83  7:01  Factory Tech Lab  
  83  7:02  Factory Tech Lab  
  83  7:05  Factory  
  83  7:06  SCV x2  
  83  7:07  SCV  
  86  7:10  Starport  
  86  7:11  Supply Depot  
  86  7:13  Hellbat x2  
  93  7:15  Cyclone x2  
  96  7:25  SCV  
  97  7:33  Thor  
  104  7:37  SCV  
  104  7:38  Siege Tank  
  104  7:41  Refinery  
  104  7:42  Refinery  
  104  7:44  Supply Depot x2  
  107  7:45  Supply Depot  
  107  7:50  Starport Reactor  
  107  7:51  Supply Depot x2  
  107  7:52  Factory Tech Lab  
  107  7:59  Supply Depot  
  107  8:03  SCV  
  107  8:05  Hellion, SCV x3, Hellbat  
  115  8:08  Supply Depot  
  115  8:09  Supply Depot  
  115  8:15  SCV  
  115  8:17  SCV x3  
  119  8:21  Siege Tank x2  
  119  8:24  Siege Tank  
  128  8:32  Terran Vehicle And Ship Armor Level 2, Terran Vehicle Weapons Level 2  
  128  8:33  Supply Depot  
  128  8:43  Missile Turret, SCV x2  
  128  8:44  SCV x2  
  128  8:45  Missile Turret  
  132  8:57  Command Center  
  132  8:58  Siege Tank x3  
  132  9:01  Cyclone  
  143  9:16  Missile Turret  
  143  9:23  Cyclone  
  146  9:26  Supply Depot  
  146  9:27  Supply Depot x2  
  146  9:30  Siege Tank x2  
  152  9:39  Command Center  
  152  9:56  Command Center  
  152  10:00  Siege Tank  
  152  10:02  Siege Tank  
  152  10:06  Viking x2  
  152  10:07  Starport  
  162  10:09  Starport  
  160  10:43  Siege Tank x3  
  160  10:45  Viking x2, Starport Reactor  
  160  10:46  Starport Reactor  
  160  10:49  Starport  
  153  11:04  Hellion x2  
  153  11:05  Hellion x2  
  161  11:15  Siege Tank x3  
  170  11:19  Orbital Command  
  170  11:20  Terran Vehicle Weapons Level 3  
  170  11:32  Hellion, Hellbat  
  174  11:34  Infernal Pre-Igniter  
  174  11:47  Siege Tank  
  174  11:49  Planetary Fortress  
  177  12:00  Orbital Command  
  177  12:01  Refinery  
  177  12:04  Missile Turret, Refinery  
  177  12:05  Missile Turret  
  177  12:06  Refinery  
  177  12:07  Missile Turret  
  177  12:13  Viking x3  
  177  12:14  Viking x2  
  177  12:15  Refinery, Viking  
  189  12:25  Missile Turret  
  189  12:26  Missile Turret  
  189  12:27  Missile Turret  
  189  12:31  Terran Vehicle And Ship Armor Level 3  
  189  13:06  Missile Turret  
  189  13:07  Missile Turret  
  189  13:08  Missile Turret  
  189  13:19  Viking x5  
  199  13:33  Starport x2  
  199  13:35  Starport  
  199  13:37  Missile Turret x3  
  199  13:38  Missile Turret  
  199  13:40  Missile Turret  
  198  13:43  Missile Turret  
  198  14:23  Hellion x9  
  198  14:27  Starport Tech Lab  
  198  14:28  Starport Tech Lab x2  
  198  14:32  Starport  
  198  14:35  Starport  
  198  14:42  Command Center  
  198  14:43  Command Center  
  198  14:58  Terran Ship Weapons Level 1  
  198  15:23  Starport Tech Lab  
  198  15:26  Recalibrated Explosives, Corvid Reactor  
  198  15:29  Starport Tech Lab  
  198  15:43  Starport Tech Lab  
  198  15:49  Raven x4  
  200  16:18  Orbital Command x2  
  196  16:36  Raven x2  
  200  16:48  Missile Turret  
  200  16:51  Missile Turret  
  200  16:52  Missile Turret  
  200  16:54  Missile Turret  
  198  17:02  Raven  
  200  17:13  Command Center  
  200  17:19  Command Center x2  
  200  17:43  Terran Ship Weapons Level 2  
  198  18:42  Siege Tank x2  
  198  18:45  Orbital Command x2  
  200  18:50  Command Center  
  200  18:52  Command Center  
  200  18:54  Command Center  
  200  18:59  Missile Turret  
  200  19:32  Missile Turret x2  
  200  19:34  Missile Turret x2  
  200  19:38  Missile Turret  
  200  19:52  Planetary Fortress  
  200  20:01  Missile Turret  
  200  20:02  Missile Turret  
  200  20:04  Missile Turret  
  200  20:06  Missile Turret x2  
  200  20:27  Terran Ship Weapons Level 3  
  200  20:37  Refinery  
  200  20:38  Missile Turret  
  200  20:39  Refinery  
  200  20:40  Missile Turret  
  200  20:42  Missile Turret, Orbital Command x3  
  200  20:48  Siege Tank  
  197  21:00  Missile Turret  
  197  21:01  Missile Turret  
  193  21:06  Missile Turret  
  193  21:07  Siege Tank x2  
  193  21:08  Raven x2  
  198  21:17  Hi-Sec Auto Tracking  
  189  22:11  Viking x3  
  189  22:12  Viking x3  
  200  22:20  Missile Turret  
  196  22:46  Raven x2  
  177  23:39  Raven x5  
  177  23:40  Raven  
  187  23:49  Siege Tank x3  
Tags
 
Add a new tag
Caveats
  • Supply blocks, unpowered buildings, or Contaminate may cause inaccurate times.
  • Supply counts are checked every 10 seconds.